 Dungeon Sprint DCSS version 0.17.0-57-g0e89251 (webtiles) character file.

7401 Ponchio the Spry (level 10, -18/50 HPs)
             Began as a Deep Elf Fire Elementalist on Dec 7, 2015.
             Was the Champion of Vehumet.
             Demolished by a skeletal warrior
             ... wielding the +8 mace of Loequurph {crush, rF+ Dex+6}
              (29 damage)
             ... in the Dungeon (Sprint V: "Ziggurat Sprint").
             The game lasted 00:20:50 (1280 turns).

Ponchio the Spry (Deep Elf Fire Elementalist)       Turns: 1280, Time: 00:20:50

Health: -18/50     AC:  5    Str:  8    XL:     10   Next: 92%
Magic:  15/38      EV: 33    Int: 30    God:    Vehumet [******]
Gold:   0          SH:  0    Dex: 27    Spells: 3 memorised, 30 levels left

rFire  . . .     SeeInvis .     I - +6 Majin-Bo {vamp, Archmagi MP+6 Int+6}
rCold  . . .     Clarity  .     a - +0 robe
rNeg   + . .     SustAt   .     (shield currently unavailable)
rPois  .         Gourm    .     (no helmet)
rElec  .         Spirit   .     (no cloak)
rCorr  .         Warding  +     K - +2 pair of gloves {Str+3}
rMut   .         NoTele   +     (no boots)
MR     +....                    R - macabre finger necklace {Ward rN+}
Stlth  +++.......               z - +6 ring of dexterity
                                y - +6 ring of dexterity
                                (no ring)

@: somewhat resistant to hostile enchantments, fairly stealthy
A: no striking features
a: Renounce Religion


You were in the Dungeon.
You worshipped Vehumet.
Vehumet was exalted by your worship.
You were not hungry.

You visited 1 branch

Inventory:

Hand Weapons
 I - the +6 Majin-Bo (weapon) {vamp, Archmagi MP+6 Int+6}
   (You found it in the Dungeon)

   It inflicts no extra harm, but heals its wielder somewhat when it strikes a
   living foe.
   It affects your intelligence (+6).
   It affects your magic capacity (+6).
Armour
 a - a +0 robe (worn)
 J - the +15 Maxwell's patent armour {-Cast -Tele rElec MR+ rCorr}
   (You found it in the Dungeon)

   It insulates you from electricity.
   It affects your resistance to hostile enchantments.
   It prevents spellcasting.
   It prevents most forms of teleportation.
   It protects you from acid and corrosion.
 K - a +2 pair of gloves of strength (worn)
Jewellery
 y - a +6 ring of dexterity (left hand)
 z - a +6 ring of dexterity (right hand)
 A - a +6 ring of intelligence
 B - a +6 ring of intelligence
 C - a +6 ring of strength
 D - a +6 ring of strength
 P - the ring "Gotiss" {*Confuse +Inv rN+ MR+}
   (You found it in the Dungeon)

   [ring of invisibility]

   It protects you from negative energy.
   It affects your resistance to hostile enchantments.
   It lets you turn invisible.
   It may confuse you when you take damage.
 Q - the amulet of Foidapp {Faith rF+ Int+3}
   (You found it in the Dungeon)

   [amulet of faith]

   It allows you to gain divine favour quickly.
   It affects your intelligence (+3).
   It protects you from fire.
 R - the macabre finger necklace (around neck) {Ward rN+}
   (You found it in the Dungeon)

   [amulet of warding]

   It may prevent the melee attacks of summoned creatures.
   It protects you from negative energy.
 T - the amulet "Hule" {+Rage MR+}
   (You found it in the Dungeon)

   [amulet of rage]

   It affects your resistance to hostile enchantments.
   It lets you go berserk.
Wands
 m - a wand of hasting (7)
 E - a wand of disintegration (0)
 F - a wand of fire (0)
 G - a wand of cold (4)
 H - a wand of draining (2)
Scrolls
 i - 3 scrolls of blinking
 p - 4 scrolls of amnesia
 q - 3 scrolls of recharging
 r - 7 scrolls of fog
 s - a scroll of holy word
 t - 5 scrolls of identify
 u - 5 scrolls of remove curse
 v - a scroll of fear
Potions
 d - 10 potions of curing
 e - 8 potions of heal wounds
 f - 4 potions of haste
 g - 7 potions of magic
 h - 3 potions of berserk rage
 j - 2 potions of brilliance
 k - 2 potions of invisibility
 l - 4 potions of resistance
 n - 6 potions of agility
 o - 5 potions of might
Books
 b - a book of Flames

   Spells                             Type                      Level
   a - Flame Tongue                   Conjuration/Fire             1
   b - Throw Flame                    Conjuration/Fire             2
   c - Conjure Flame                  Conjuration/Fire             3
   d - Inner Flame                    Hexes/Fire                   3
   e - Sticky Flame                   Conjuration/Fire             4
   f - Fireball                       Conjuration/Fire             5
 L - the Tome of Calling
   (You found it in the Dungeon)

   Spells                             Type                      Level
   a - Summon Small Mammal            Summoning                    1
   b - Call Imp                       Summoning                    2
   c - Call Canine Familiar           Summoning                    3
   d - Spellforged Servitor           Conjuration/Summoning        7
 M - a book of Fire

   Spells                             Type                      Level
   a - Ignite Poison                  Fire/Transmutation/Poison    3
   b - Fireball                       Conjuration/Fire             5
   c - Bolt of Fire                   Conjuration/Fire             6
   d - Delayed Fireball               Conjuration/Fire             7
   e - Ring of Flames                 Charms/Fire                  7
 U - a book of Maledictions

   Spells                             Type                      Level
   a - Corona                         Hexes                        1
   b - Ensorcelled Hibernation        Hexes/Ice                    2
   c - Confuse                        Hexes                        3
   d - Tukima's Dance                 Hexes                        3
   e - Dazzling Spray                 Conjuration/Hexes            3
 V - a book of the Warp

   Spells                             Type                      Level
   a - Recall                         Summoning/Translocation      3
   b - Gell's Gravitas                Hexes/Translocation          3
   c - Force Lance                    Conjuration/Translocation    4
   d - Phase Shift                    Translocation                5
   e - Warp Weapon                    Charms/Translocation         5
   f - Summon Forest                  Summoning/Translocation      5
Miscellaneous
 N - a phantom mirror
 O - a stone of tremors
 S - a lamp of fire
Comestibles
 c - 5 bread rations
 w - 37 fruits
 x - 4 meat rations


   Skills:
 - Level 18.4 Dodging
 - Level 2.4 Stealth
 + Level 16.0 Spellcasting
 + Level 13.6 Conjurations
 - Level 3.2 Fire Magic
 + Level 8.3 Earth Magic
 - Level 8.0 Evocations


You had 30 spell levels left.
You knew the following spells:

 Your Spells              Type           Power        Failure   Level  Hunger
a - Flame Tongue          Conj/Fire      #####        1%          1    None
b - Fireball              Conj/Fire      #######...   1%          5    None
c - Lee's Rapid Deconstr  Erth           #######...   1%          5    None


Dungeon Overview and Level Annotations

Branches:
Dungeon (1/1)

Altars:
Ashenzari
Cheibriados
Dithmenos
Elyvilon
Fedhas
Gozag
Kikubaaqudgha
Makhleb
Nemelex Xobeh
Okawaru
Qazlal
Ru
Sif Muna
Trog
Vehumet
Xom
Yredelemnul
Zin
The Shining One
Beogh
Jiyva
Lugonu


Message History

Something misses you. x2
Drink which item? (? for menu, Esc to quit)
You feel much better.
The skeletal warrior completely misses you.
Something hits you but does no damage. Something barely misses you.
Casting: Fireball
Confirm with . or Enter, or press ? or * to list all spells.
Aiming: Fireball
Press: ? - help, Shift-Dir - straight line You feel a surge of power!
The fireball explodes!
The fireball engulfs something.
The fireball engulfs the skeletal warrior.
The skeletal warrior resists.
The skeletal warrior is almost destroyed.
The fireball engulfs you!
Ouch! That really hurt!
* * * LOW HITPOINT WARNING * * *
The skeletal warrior hits you with the +8 mace of Loequurph {crush, rF+ Dex+6}!!
Ouch! That really hurt!
You die...

▓..}|[.[..▓
▓..[}|))..▓....)[)..▓
▓....))...▓....)....▓
▓.........▓...)|)...▓
▓.....)...▓.........▓
▓.........▓...÷.÷...▓
▓.........▓.▓.....▓.▓
▓.▓.{z..▓.▓....(....▓
▓....@....▓▓▓▓▓▓▓▓▓▓▓
▓▓▓▓▓▓▓▓▓▓▓


You could see a skeletal warrior.

Vanquished Creatures
  A lich (D)
  3 necromancers (D)
  A cyclops (D)
  A guardian mummy (D)
  3 merfolk (D)
  4 spriggans (D)
  A vampire (D)
  3 hippogriffs (D)
  A wolf (D)
  A large abomination (D)
  A wasp (D)
  4 black bears (D)
  A centaur (D)
  A necrophage (D)
  A giant frog (D)
  A wight (D)
  3 crimson imps (D)
  An orc priest (D)
  A small abomination (D)
  A quasit (D)
  An iron imp (D)
  2 iguanas (D)
  5 sheep (D)
  2 mummies (D)
  A river rat (D)
  3 shadow imps (D)
  An ufetubus (D)
  An adder zombie (D)
  An orc (D)
  3 ball pythons (D)
  A giant gecko zombie (D)
55 creatures vanquished.

Notes
Turn   | Place    | Note
--------------------------------------------------------------
     0 | D        | Ponchio the Deep Elf Fire Elementalist began the quest for the Orb.
     0 | D        | Reached XP level 1. HP: 10/10 MP: 6/6
     0 | D        | Found a roughly hewn altar of Beogh.
     0 | D        | Found a viscous altar of Jiyva.
     0 | D        | Found a corrupted altar of Lugonu.
     0 | D        | Found a white marble altar of Elyvilon.
     0 | D        | Found a sparkling altar of Nemelex Xobeh.
     1 | D        | Found a burning altar of Makhleb.
     1 | D        | Found an iron altar of Okawaru.
     1 | D        | Found a deep blue altar of Sif Muna.
     1 | D        | Found a radiant altar of Vehumet.
     1 | D        | Found a bloodstained altar of Trog.
     1 | D        | Found a shimmering altar of Xom.
    36 | D        | Became a worshipper of Vehumet
    55 | D        | Reached skill level 8 in Evocations
    55 | D        | Reached XP level 2. HP: 15/15 MP: 8/9
   103 | D        | Entered arena 1.
   103 | D        | Noticed an orc priest
   104 | D        | Killed an orc priest
   104 | D        | Reached XP level 3. HP: 19/19 MP: 11/11
   108 | D        | Reached skill level 5 in Spellcasting
   127 | D        | Entered arena 2.
   128 | D        | Reached * piety under Vehumet
   128 | D        | Offered knowledge of Freeze by Vehumet.
   136 | D        | Identified the Tome of Calling (You found it in the Dungeon)
   138 | D        | Entered arena 3.
   138 | D        | Noticed an iguana
   138 | D        | Noticed an iguana
   138 | D        | Noticed a giant frog
   139 | D        | Killed a giant frog
   139 | D        | Reached ** piety under Vehumet
   139 | D        | Reached skill level 5 in Conjurations
   139 | D        | Reached XP level 4. HP: 24/24 MP: 15/15
   140 | D        | Killed an iguana
   147 | D        | Killed an iguana
   147 | D        | Reached XP level 5. HP: 28/28 MP: 18/18
   160 | D        | Entered arena 4.
   160 | D        | Noticed a guardian mummy
   163 | D        | Reached *** piety under Vehumet
   164 | D        | Reached skill level 9 in Spellcasting
   164 | D        | Killed a guardian mummy
   164 | D        | Reached skill level 11 in Spellcasting
   164 | D        | Reached XP level 6. HP: 32/32 MP: 22/22
   172 | D        | Got the ring "Gotiss" {*Confuse +Inv rN+ MR+}
   193 | D        | Learned a level 5 spell: Fireball
   194 | D        | Entered arena 5.
   194 | D        | Noticed a crimson imp
   194 | D        | Noticed a crimson imp
   195 | D        | Reached **** piety under Vehumet
   198 | D        | Killed a crimson imp
   198 | D        | Reached skill level 12 in Spellcasting
   198 | D        | Reached skill level 10 in Conjurations
   206 | D        | Killed a crimson imp
   206 | D        | Reached ***** piety under Vehumet
   213 | D        | Got the amulet of Foidapp {Faith rF+ Int+3}
   270 | D        | Entered arena 6.
   270 | D        | Noticed a large abomination
   270 | D        | Noticed an iron imp
   270 | D        | Noticed a small abomination
   270 | D        | Noticed a quasit
   270 | D        | Noticed a crimson imp
   272 | D        | Killed a large abomination
   272 | D        | Reached skill level 13 in Spellcasting
   272 | D        | Reached XP level 7. HP: 30/36 MP: 22/25
   272 | D        | Killed a quasit
   272 | D        | Killed a small abomination
   275 | D        | Killed a crimson imp
   281 | D        | Killed an iron imp
   281 | D        | Offered knowledge of Shock by Vehumet.
   465 | D        | Entered arena 7.
   465 | D        | Noticed a hippogriff
   465 | D        | Noticed a centaur
   465 | D        | Noticed a hippogriff
   465 | D        | Noticed a merfolk
   466 | D        | Offered knowledge of Throw Frost by Vehumet.
   467 | D        | Killed a hippogriff
   467 | D        | Reached ****** piety under Vehumet
   467 | D        | Reached skill level 5 in Dodging
   467 | D        | Killed a centaur
   467 | D        | Killed a merfolk
   467 | D        | Reached XP level 8. HP: 35/41 MP: 27/27
   470 | D        | Killed a hippogriff
   470 | D        | Reached skill level 10 in Dodging
   488 | D        | Got the amulet "Hule" {+Rage MR+}
   668 | D        | Entered arena 8.
   668 | D        | Noticed a merfolk
   668 | D        | Noticed a merfolk
   668 | D        | Noticed a hippogriff
   668 | D        | Noticed a cyclops
   669 | D        | Offered knowledge of Stone Arrow by Vehumet.
   671 | D        | Killed a hippogriff
   672 | D        | Killed a merfolk
   672 | D        | Killed a cyclops
   672 | D        | Reached skill level 14 in Dodging
   672 | D        | Reached XP level 9. HP: 21/45 MP: 22/28
   673 | D        | Killed a merfolk
   673 | D        | Reached skill level 15 in Dodging
   905 | D        | Entered arena 9.
   905 | D        | Noticed a sixfirhy
   905 | D        | Noticed Izioh the pandemonium lord
   905 | D        | Noticed a hellwing
   905 | D        | Noticed a quasit
   905 | D        | Noticed Qaot the pandemonium lord
   905 | D        | Noticed Ytafycko the pandemonium lord
   908 | D        | HP: 2/45 [Ytafycko the pandemonium lord/bolt of cold (38)]
   909 | D        | Entered arena 10.
   909 | D        | Noticed a wolf
   909 | D        | Noticed a black bear
   909 | D        | Noticed a black bear
   909 | D        | Noticed a black bear
   909 | D        | Noticed a spriggan
   909 | D        | Noticed a spriggan
   909 | D        | Noticed a spriggan rider
   909 | D        | Noticed a black bear
   909 | D        | Noticed a spriggan
   912 | D        | Killed a spriggan
   912 | D        | Offered knowledge of Lee's Rapid Deconstruction by Vehumet.
   912 | D        | Killed a spriggan
   912 | D        | Reached skill level 16 in Dodging
   912 | D        | Killed a spriggan
   913 | D        | Killed a spriggan rider
   913 | D        | Killed a wasp
   913 | D        | Reached skill level 17 in Dodging
   913 | D        | Killed a black bear
   913 | D        | Killed a black bear
   913 | D        | Reached skill level 18 in Dodging
   919 | D        | Killed a wolf
   919 | D        | Killed a black bear
   919 | D        | Killed a black bear
   919 | D        | Reached XP level 10. HP: 17/50 MP: 29/29
  1269 | D        | Learned a level 5 spell: Lee's Rapid Deconstruction
  1269 | D        | Entered arena 11.
  1269 | D        | Noticed a vampire
  1269 | D        | Noticed a vampire
  1269 | D        | Noticed a necromancer
  1269 | D        | Noticed a wight
  1269 | D        | Noticed a lich
  1270 | D        | Killed a wight
  1270 | D        | Offered knowledge of Ozocubu's Refrigeration by Vehumet.
  1271 | D        | Noticed a necromancer
  1272 | D        | Noticed a skeletal warrior
  1272 | D        | Noticed a necromancer
  1272 | D        | Killed a necromancer
  1272 | D        | Killed a necromancer
  1272 | D        | Killed a lich
  1272 | D        | Reached skill level 15 in Spellcasting
  1273 | D        | Noticed a necrophage
  1273 | D        | Killed a necrophage
  1273 | D        | Killed a vampire
  1276 | D        | Killed a necromancer
  1280 | D        | Identified the +8 mace of Loequurph {crush, rF+ Dex+6}
  1280 | D        | Demolished by a skeletal warrior

Action                   |  1- 3 |  4- 6 |  7- 9 | 10-12 || total
-------------------------+-------+-------+-------+-------++-------
Melee: Quarterstaff      |     4 |    11 |    11 |       ||    26
 Cast: Fireball          |       |     2 |    15 |     9 ||    26
Evoke: Wand              |     3 |    11 |       |     2 ||    16
  Use: Potion            |     1 |     1 |     2 |     1 ||     5
       Scroll            |       |       |     2 |       ||     2
  Eat: Fruit             |     2 |       |     1 |     2 ||     5
       Chunk             |       |     1 |     1 |     1 ||     3
